 Dungeon Crawl Stone Soup version 0.27-a0-1245-g940ed4fa31 (webtiles) character file.

Game seed: 6800726151838970284

45078 lunkers the Warrior (level 14, -9/175 HPs)
             Began as an Ogre Berserker on June 8, 2021.
             Was the Champion of Trog.
             Mangled by a cane toad (11 damage)
             ... on level 6 of the Lair of Beasts on June 9, 2021.
             The game lasted 00:39:42 (15084 turns).

lunkers the Warrior (Ogre Berserker)               Turns: 15084, Time: 00:39:43

Health: -9/175     AC: 16    Str: 28    XL:     14   Next: 31%
Magic:  14/14      EV: 10    Int:  8    God:    Trog [******]
Gold:   969        SH:  0    Dex:  8    Spells: 13/13 levels left

rFire    . . .     SeeInvis .   a - +9 giant club of Cyfurij {vorpal, rElec}
rCold    + . .     Faith    .   (shield currently unavailable)
rNeg     . . .     Spirit   .   B - +1 robe "Oxzeps" {rC+ Will+++ Slay+3 Stlth-}
rPois    .         Reflect  .   W - +2 hat
rElec    +         Harm     .   G - +1 cloak
rCorr    .         Rampage  .   (gloves unavailable)
Will     +++++                  (boots unavailable)
Stlth    ..........             g - amulet of regeneration
HPRegen  2.39/turn              h - +4 ring of protection
MPRegen  0.14/turn              y - +4 ring of protection

@: lethally poisoned (-9 -> -14), about to teleport, strong-willed, on berserk
cooldown, regenerating, studying Polearms
A: large, unfitting armour, tough skin 1
a: Renounce Religion, Berserk, Trog's Hand, Brothers in Arms


You were on level 6 of the Lair of Beasts.
You worshipped Trog.
Trog was exalted by your worship.
You visited 3 branches of the dungeon, and saw 17 of its levels.
You also visited: Sewer.

You collected 969 gold pieces.

Inventory:

Hand Weapons
 a - the +9 giant club of Cyfurij (weapon) {vorpal, rElec}
   (Trog gifted it to you on level 6 of the Lair of Beasts)

   It inflicts extra damage upon your enemies.
   It insulates you from electricity.
 j - the +7 great mace "Undeadhunter" {disrupt, rN+}
   (You found it on level 9 of the Dungeon)

   It protects you from negative energy.
 S - a +4 dire flail
 X - a +3 vorpal great mace
Missiles
 d - 564 stones
 f - 7 atropa-tipped darts
 k - 94 poisoned darts
 C - 6 curare-tipped darts
 Q - 5 boomerangs of dispersal
 T - a throwing net
 U - 7 large rocks
Armour
 B - the +1 robe "Oxzeps" (worn) {rC+ Will+++ Slay+3 Stlth-}
   (You found it on level 5 of the Dungeon)

   It affects your accuracy and damage with ranged weapons and melee attacks
   (+3).
   It protects you from cold.
   It greatly increases your willpower.
   It makes you less stealthy.
 G - a +1 cloak (worn)
 W - a +2 hat (worn)
Jewellery
 g - an amulet of regeneration (around neck)
 h - a +4 ring of protection (left hand)
 o - a +6 ring of strength
 y - a +4 ring of protection (right hand)
 M - a ring of see invisible
 Y - a +4 ring of evasion
Wands
 m - a wand of paralysis (11)
 D - a wand of mindburst (22)
 I - a wand of iceblast (19)
 J - a wand of charming (7)
 V - a wand of polymorph (9)
 Z - a wand of flame (22)
Scrolls
 e - 4 scrolls of teleportation
 i - 3 scrolls of noise {unknown}
 l - 2 scrolls of amnesia {unknown}
 s - 2 scrolls of vulnerability {unknown}
 u - 3 scrolls of fog {unknown}
 v - 2 scrolls of fear {unknown}
 F - 2 scrolls of enchant weapon {unknown}
 H - a scroll of enchant armour
 L - 2 scrolls of holy word {unknown}
 O - 2 scrolls of immolation {unknown}
 R - a scroll of summoning {unknown}
Potions
 c - 3 potions of lignification
 n - a potion of attraction {unknown}
 p - 2 potions of mutation
 q - 5 potions of curing
 r - 2 potions of resistance {unknown}
 t - 3 potions of haste
 w - 5 potions of flight
 x - 3 potions of magic
 z - 3 potions of heal wounds
 A - a potion of berserk rage {unknown}
 E - 3 potions of ambrosia {unknown}
 K - a potion of degeneration {unknown}
 P - 3 potions of might


   Skills:
 + Level 20.0 Fighting
 - Level 16.0 Maces & Flails
 - Level 2.6 Dodging


You had 13 spell levels left.
You didn't know any spells.
Your spell library was empty.

Dungeon Overview and Level Annotations

Branches:
Dungeon (10/15)            Temple (1/1) D:5            Lair (6/6) D:8
  Swamp (0/4) Lair:3       Spider (0/4) Lair:3        Slime (0/5) Lair:5
  Sewer (visited)
    Orc: D:9-12

Altars:
Dithmenos
Hepliaklqana
Kikubaaqudgha
Makhleb
Uskayaw
Xom
Jiyva

Shops:
D:8 *

Annotations:
D:7 1 runed translucent door, quinnr's ghost, novice DjAE
Lair:2 exclusion: 2 oklob plants
Lair:3 exclusion: oklob plant
Lair:5 1 runed translucent door


Innate Abilities, Weirdness & Mutations

You are too large for most types of armour.
You have tough skin. (AC +1)


Message History

Unknown command.
Unknown command.
You barely miss the cane toad. The ice encasing you melts away.
The cane toad stings you!
* * * LOW HITPOINT WARNING * * *
The water moccasin bites you but does no damage.
Okay, then.
Your skin crawls.
You feel strong-willed. The cane toad stings you.
* * * LOW HITPOINT WARNING * * *
You are poisoned.
The cane toad poisons you! The water moccasin bites you.
* * * LOW HITPOINT WARNING * * *
You closely miss the cane toad.
You feel very sick. The cane toad stings you!
* * * LOW HITPOINT WARNING * * *
You are more poisoned.
The cane toad poisons you! The water moccasin bites you.
* * * LOW HITPOINT WARNING * * *
You sock the cane toad!
The cane toad is heavily wounded.
* * * LOW HITPOINT WARNING * * *
You feel extremely sick. The water moccasin bites you.
* * * LOW HITPOINT WARNING * * *
The cane toad closely misses you.
As you read the scroll of teleportation, it crumbles to dust.
You feel strangely unstable.
* * * LOW HITPOINT WARNING * * *
You feel extremely sick. The water moccasin barely misses you.
The cane toad closely misses you. The sea snake barely misses you.
The water moccasin bites you but does no damage.
* * * LOW HITPOINT WARNING * * *
You feel very sick. The cane toad stings you!
You die...

.........................
............)............
.........................
........................P
.........................
.........................
.......†........
......SFS......#
#.#...@..P##...
##......### ## #....###
#.... #..#. #..## ##


You could see a sea snake, a cane toad and a water moccasin.

Vanquished Creatures
  Rupert (Lair:6)
  The ghost of Myl Vuom the Severer, a journeyman MiFi of Okawaru (Lair:4)
  8 hydras
  A boulder beetle (D:9)
  2 two-headed ogres (D:9)
  A spectral death yak (Lair:4)
  Pikel (D:5)
  An orc knight (D:9)
  A necromancer (Lair:2)
  An orb spider (Lair:3)
  A wolf spider (D:9)
  A shining eye (shapeshifter) (D:9)
  An ugly thing (D:9)
  A cyclops (D:9)
  4 black mambas
  3 torpor snails
  13 cane toads
  A rime drake (Lair:6)
  8 komodo dragons
  A tyrant leech (Lair:3)
  A polar bear (Lair:6)
  2 dream sheep (Lair:5)
  4 hornets
  Prince Ribbit (Lair:3)
  A spectral black mamba (Lair:4)
  25 blink frogs
  A vampire (D:9)
  10 wyverns
  A wraith (D:7)
  A shadow (D:10)
  28 yaks
  4 basilisks
  A spectral fire crab (Lair:4)
  A catoblepas simulacrum (Lair:4)
  A spectral komodo dragon (Lair:4)
  2 steam dragons
  A swamp worm (Lair:3)
  16 water moccasins
  An acid dragon (D:9)
  3 black bears (D:8)
  5 orc warriors
  Purgy (Sewer)
  A sky beast (D:6)
  A black mamba simulacrum (Lair:4)
  2 ice beasts
  2 necrophages
  2 ogres
  12 wolves
  3 lemures (D:5)
  8 centaurs
  A phantom (D:4)
  6 kobold brigands
  14 bullfrogs
  3 scorpions
  A water moccasin skeleton (D:4)
  15 killer bees
  9 wights
  A lava snake (Lair:5)
  2 howler monkeys (D:10)
  2 centaur zombies
  A bullfrog zombie (D:6)
  2 jellies (D:5)
  5 hounds
  2 orc priests (D:10)
  2 bullfrog skeletons (D:5)
  2 iguanas (D:5)
  5 orc wizards
  4 polar bear simulacra (Lair:2)
  2 killer bee zombies
  3 wolf simulacra (Lair:2)
  2 mummies (D:9)
  3 gnolls (D:6)
  6 adders
  A shadow imp (D:7)
  A white imp (D:7)
  An ufetubus (D:4)
  An adder zombie (D:5)
  3 dart slugs
  35 orcs
  6 ball pythons
  9 endoplasms
  3 giant cockroaches (D:1)
  10 goblins
  10 hobgoblins
  2 jackals (D:2)
  32 kobolds
  3 quokkas
  7 bats
  8 frilled lizards
  8 rats
  4 river rat simulacra (Lair:2)
431 creatures vanquished.

Vanquished Creatures (others)
  16 fungi
  38 plants
54 creatures vanquished.

Grand Total: 485 creatures vanquished

Notes
Turn   | Place    | Note
-------+----------+-------------------------------------------
     0 | D:1      | lunkers the Ogre Berserker began the quest for the Orb.
     0 | D:1      | Reached XP level 1. HP: 24/24 MP: 1/1
   212 | D:1      | Reached XP level 2. HP: 27/32 MP: 2/2
   350 | D:1      | You fall into a shaft and drop 1 floor!
   584 | D:2      | Found a faded altar of an unknown god.
  1023 | D:2      | Reached XP level 3. HP: 40/40 MP: 3/3
  1188 | D:2      | Reached ** piety under Trog
  1759 | D:3      | Reached XP level 4. HP: 48/49 MP: 4/4
  2003 | D:3      | Found a hide-covered altar of Uskayaw.
  2004 | D:3      | Found a hazy altar of Hepliaklqana.
  2006 | D:3      | Found an ancient bone altar of Kikubaaqudgha.
  2006 | D:3      | Found a shadowy altar of Dithmenos.
  2242 | D:4      | Noticed an ogre
  2250 | D:4      | Killed an ogre
  2251 | D:4      | Reached skill level 5 in Fighting
  2251 | D:4      | Reached XP level 5. HP: 10/57 MP: 5/5
  2346 | D:4      | Reached skill level 5 in Maces & Flails
  2378 | D:3      | Reached XP level 6. HP: 61/67 MP: 6/6
  2403 | D:3      | Reached skill level 6 in Fighting
  2790 | D:4      | Reached *** piety under Trog
  2961 | D:4      | Reached XP level 7. HP: 45/76 MP: 7/7
  3022 | D:4      | Identified the +1 scale mail "Xotofes" {Harm rC+ Regen+
                  | Int+4}
  3093 | D:5      | Entered Level 5 of the Dungeon
  3178 | D:5      | Reached skill level 7 in Fighting
  3292 | D:5      | Found a glowing drain.
  3339 | Sewer    | Entered a sewer
  3358 | Sewer    | Noticed Purgy
  3366 | Sewer    | Killed Purgy
  3488 | D:5      | Noticed a steam dragon
  3502 | D:5      | Killed a steam dragon
  3503 | D:5      | Reached XP level 8. HP: 56/88 MP: 8/8
  3512 | D:5      | Reached skill level 8 in Fighting
  3667 | D:5      | Found a staircase to the Ecumenical Temple.
  3692 | Temple   | Entered the Ecumenical Temple
  3921 | D:5      | Identified the +1 robe "Oxzeps" {rC+ Will+++ Slay+3 Stlth-}
  4087 | D:5      | Noticed Pikel
  4103 | D:5      | Killed Pikel
  4104 | D:5      | Reached skill level 9 in Fighting
  4281 | D:6      | Reached XP level 9. HP: 98/98 MP: 9/9
  4337 | D:6      | Identified the +0 scale mail of Giaz {rF+ Int+2 Dex+5}
  4661 | D:6      | Reached skill level 10 in Fighting
  4680 | D:6      | Reached **** piety under Trog
  5223 | D:7      | Reached skill level 10 in Maces & Flails
  5375 | D:7      | Found a runed translucent door.
  5375 | D:7      | Found a shimmering altar of Xom.
  5375 | D:7      | Noticed quinnr's ghost (novice DjAE)
  5375 | D:7      | Noticed a +1 flail of chaos
  6019 | D:8      | Reached XP level 10. HP: 111/111 MP: 10/10
  6021 | D:8      | Reached skill level 11 in Fighting
  6063 | D:8      | Found a staircase to the Lair.
  6699 | D:8      | Found Gestronamm's Assorted Antiques.
  6875 | D:8      | Reached ***** piety under Trog
  7214 | D:9      | Reached skill level 12 in Fighting
  7297 | D:9      | Noticed a two-headed ogre
  7316 | D:9      | Killed a two-headed ogre
  7317 | D:9      | Reached XP level 11. HP: 124/124 MP: 11/11
  7409 | D:9      | Found the +7 great mace "Undeadhunter" {disrupt, rN+}
  7470 | D:9      | Noticed a two-headed ogre
  7477 | D:9      | Killed a two-headed ogre
  7689 | D:9      | Found a runed translucent door.
  7689 | D:9      | Noticed a white ugly thing
  7694 | D:9      | Killed a white ugly thing
  7809 | D:9      | Reached skill level 13 in Fighting
  7947 | D:9      | Noticed a boulder beetle
  7959 | D:9      | Killed a boulder beetle
  7962 | D:9      | Noticed a shining eye
  7966 | D:9      | Killed a shining eye
  7971 | D:9      | Noticed a cyclops
  7974 | D:9      | Killed a cyclops
  7978 | D:9      | Noticed an orc knight
  7978 | D:9      | Noticed a wolf spider
  7987 | D:9      | Killed an orc knight
  7989 | D:9      | Killed a wolf spider
  8084 | D:10     | Entered Level 10 of the Dungeon
  8890 | Lair:1   | Entered Level 1 of the Lair of Beasts
  9077 | Lair:1   | Reached skill level 14 in Fighting
  9164 | Lair:1   | Received a gift from Trog
  9215 | Lair:1   | Reached XP level 12. HP: 81/139 MP: 12/12
 10052 | Lair:2   | Identified the +11 hunting sling of Blood-Lust {vorpal,
                  | Dex+6}
 10115 | Lair:2   | Paralysed by a hornet for 2 turns
 10121 | Lair:2   | Paralysed by a hornet for 1 turns
 10124 | Lair:2   | Reached skill level 15 in Fighting
 10194 | Lair:2   | Noticed Sonja
 10197 | Lair:2   | Noticed Sonja
 10197 | Lair:2   | Sonja changed into Sonja the ice beast
 10200 | Lair:2   | Killed Sonja the ice beast
 10245 | Lair:2   | Upgraded the game from 0.27-a0-1232-gc6a4cbde82 to
                  | 0.27-a0-1245-g940ed4fa31
 10376 | Lair:2   | Reached skill level 16 in Fighting
 10444 | Lair:2   | Identified the +4 plate armour of Gehenna {rF+ rC+}
 10488 | Lair:2   | Identified the +7 spear "Civus" {vorpal, rPois Int+4}
 10762 | Lair:2   | Noticed a six-headed hydra
 10772 | Lair:2   | Killed a six-headed hydra
 11370 | Lair:3   | Reached skill level 17 in Fighting
 11580 | Lair:3   | Reached XP level 13. HP: 144/156 MP: 13/13
 11694 | Lair:3   | Found a hole to the Spider Nest.
 11758 | Lair:3   | Found a staircase to the Swamp.
 11933 | Lair:3   | Received a gift from Trog
 12032 | Lair:3   | Reached skill level 15 in Maces & Flails
 12177 | Lair:3   | Noticed Prince Ribbit
 12179 | Lair:3   | Killed Prince Ribbit
 12544 | Lair:4   | Reached ****** piety under Trog
 12899 | Lair:4   | Found a burning altar of Makhleb.
 13439 | Lair:4   | Found a runed translucent gate.
 13439 | Lair:4   | Found a runed translucent gate.
 13440 | Lair:4   | Found a runed translucent gate.
 13442 | Lair:4   | Noticed Myl Vuom's ghost (journeyman MiFi)
 13838 | Lair:4   | Killed Myl Vuom's ghost
 13843 | Lair:4   | Reached skill level 18 in Fighting
 13867 | Lair:4   | Identified the amulet "Nelegeatt" {RegenMP rF+}
 14343 | Lair:5   | Found a runed translucent door.
 14343 | Lair:5   | Found a viscous altar of Jiyva.
 14343 | Lair:5   | Noticed an acid blob
 14344 | Lair:5   | Found a staircase to the Slime Pits.
 14344 | Lair:5   | Noticed an acid blob
 14344 | Lair:5   | Noticed an acid blob
 14716 | Lair:6   | Entered Level 6 of the Lair of Beasts
 14726 | Lair:6   | Reached XP level 14. HP: 170/170 MP: 14/14
 14776 | Lair:5   | Reached skill level 19 in Fighting
 14898 | Lair:6   | Noticed Rupert
 14908 | Lair:6   | Killed Rupert
 14972 | Lair:6   | Identified the +9 giant club of Cyfurij {vorpal, rElec}
                  | (Trog gifted it to you on level 6 of the Lair of Beasts)
 14972 | Lair:6   | Received a gift from Trog
 15067 | Lair:6   | Reached skill level 20 in Fighting
 15083 | Lair:6   | HP: 6/175 [poisoned by a cane toad]
 15084 | Lair:6   | HP: 2/175 [poisoned by a cane toad]
 15084 | Lair:6   | Mangled by a cane toad

Illustrated notes

Levels and vault maps discovered:
D:1:      lightli_arrival_statuegarden, layout_rooms, minmay_misc_feat_five
D:2:      cheibrodos_helix_gallery, layout_loops_corners,
          hellmonk_ecumenical_altar_pennies_from_heaven
D:3:      layout_basic, grunt_temple_overflow_open
D:4:      minmay_clustersquares, layout_gridville
D:5:      layout_gridville, minmay_temple_entry_slanted, portal_sewer_entry_d,
          mrwooster_statue_mirror, uniq_pikel
D:6:      layout_basic
D:7:      layout_cave_pods, ebering_ghost_xom
D:8:      layout_loops_corners, minmay_lair_entry_grove, serial_shops,
          shop_fountains
D:9:      layout_small_grid, serial_undead, serial_undead_a, serial_undead_c,
          serial_undead_f, serial_undead_c, hangedman_decor_diamond_cutter,
          minivault_13
D:10:     layout_basic
Temple:   hc_temple_tempest_star
Lair:1:   layout_cave_pods, st_stairs_8
Lair:2:   layout_concentric_octagons, eino_house_with_fridge,
          grunt_megastairs_4, minmay_lair_oklob_chamber,
          infiniplex_staircase_pool, uniq_sonja
Lair:3:   layout_regular_city, minmay_swamp_entry_worms,
          nicolae_spider_entry_orb_guardian, uniq_prince_ribbit2
Lair:4:   layout_big_grid, gammafunk_ghost_necromancy, lemuel_centaur_altar
Lair:5:   layout_gridlike, slime_altar_2, infiniplex_staircase_pool_2,
          lemuel_fruit_fields
Lair:6:   gammafunk_lair_ancient_temple, layout_layer_cave,
          gauntlet_entry_generic, st_stairs_8, uniq_rupert

Skill      XL: |  1  2  3  4  5  6  7  8  9 10 11 12 13 14 |
---------------+-------------------------------------------+-----
Maces & Flails | 3 4 5 7 8 10 12 13 14 16 | 16.0
Fighting       | 5 6 7 9 10 12 14 17 18 20 | 20.0
Dodging        | |  2.6

Action                   |  1- 3 |  4- 6 |  7- 9 | 10-12 | 13-15 || total
-------------------------+-------+-------+-------+-------+-------++-------
Melee: Mace              |   125 |   139 |   248 |       |       ||   512
       Flail             |       |       |    56 |    96 |       ||   152
       Dire flail        |       |       |       |    88 |       ||    88
       Great mace        |       |       |       |   258 |   238 ||   496
       Giant club        |       |       |       |       |    34 ||    34
Invok: Berserk           |       |     2 |     8 |     9 |    13 ||    32
       Trog's Hand       |       |       |       |       |     1 ||     1
Evoke: Wand              |       |       |       |     2 |     1 ||     3
  Use: Scroll            |       |       |       |     9 |     7 ||    16
 Stab: Sleeping          |       |     1 |       |       |       ||     1
Armor: Animal skin       |    59 |    34 |    22 |       |       ||   115
       Robe              |       |       |    73 |   154 |   183 ||   410
Dodge: Dodged            |    68 |    72 |   136 |   199 |   184 ||   659

Table legend: (Time is in decaauts)
 A = Elapsed time spent in this place.
 B = Non-inter-level travel time spent in this place.
 C = Inter-level travel time spent in this place.
 D = Time resting spent in this place.
 E = Time spent auto-exploring this place.
 F = Levels seen in this place.
 G = Mean time per level.
                   A        B        C        D        E       F      G
               +--------+--------+--------+--------+--------+-----+--------+
         Total |  15429 |  14701 |    728 |    545 |  11169 |  18 |  857.2 |
       Dungeon |   8903 |   8425 |    478 |    156 |   6526 |  10 |  890.3 |
        Temple |      1 |      1 |      0 |      0 |      0 |   1 |    1.0 |
          Lair |   6351 |   6101 |    250 |    385 |   4546 |   6 | 1058.5 |
         Sewer |    172 |    172 |      0 |      3 |     96 |   1 |  172.0 |
               +--------+--------+--------+--------+--------+-----+--------+

Top non-repeatable levels by time:
  Lair:4: 1574 daAuts
  Lair:3: 1390 daAuts
     D:8: 1167 daAuts
  Lair:1: 1148 daAuts
  Lair:2: 1142 daAuts
     D:5: 1105 daAuts
     D:9: 1004 daAuts
     D:2: 958 daAuts
     D:7: 894 daAuts
  Lair:5: 806 daAuts
     D:6: 805 daAuts
     D:4: 788 daAuts
    D:10: 755 daAuts
     D:1: 726 daAuts
     D:3: 697 daAuts
